 Dungeon Crawl Stone Soup version 0.18.1-50-g88ac8fd (webtiles) character file.

195 sdOOK the Chopper (level 5, -10/45 HPs)
             Began as a Minotaur Gladiator on Oct 17, 2016.
             Was an Initiate of the Shining One.
             Mangled by a gnoll
             ... wielding a +0 halberd
              (13 damage)
             ... on level 3 of the Dungeon.
             The game lasted 00:16:47 (1461 turns).

sdOOK the Chopper (Minotaur Gladiator)              Turns: 1461, Time: 00:16:47

Health: -10/45     AC:  8    Str: 21    XL:     5   Next: 45%
Magic:  4/4        EV:  8    Int:  5    God:    the Shining One [......]
Gold:   128        SH:  3    Dex: 10    Spells: 0 memorised, 4 levels left

rFire  + . .     SeeInvis .     a - +0 war axe
rCold  . . .     Gourm    .     m - +0 chain mail
rNeg   . . .     Faith    .     o - +0 buckler
rPois  .         Spirit   .     c - +0 hat
rElec  .         Dismiss  .     (no cloak)
rCorr  .         Reflect  .     (no gloves)
SustAt .         Harm     .     (no boots)
MR     .....                    (no amulet)
Stlth  ..........               (no ring)
                                j - ring of protection from fire

@: glowing, invisible (but backlit and visible), not resistant to hostile
enchantments, extremely unstealthy
A: retaliatory headbutt, horns 2
a: Renounce Religion


You were on level 3 of the Dungeon.
You worshipped the Shining One.
The Shining One was noncommittal.
You were not hungry.

You visited 1 branch of the dungeon, and saw 3 of its levels.

You collected 128 gold pieces.

Inventory:

Hand Weapons
 a - a +0 war axe (weapon)
 h - a cursed -3 dagger
Missiles
 d - 3 throwing nets (quivered)
 s - 13 poisoned needles
 t - 23 bolts
Armour
 b - a +0 leather armour
 c - a +0 hat (worn)
 m - a +0 chain mail (worn)
 o - a +0 buckler (worn)
Jewellery
 j - a ring of protection from fire (left hand)
Scrolls
 l - a scroll of immolation {unknown}
 n - 3 scrolls of fear
 p - a scroll of remove curse
Potions
 i - a potion of might {unknown}
 r - 2 potions of heal wounds {unknown}
Comestibles
 f - 4 bread rations
 k - 3 fruits
 q - a chunk of flesh
 u - a slice of pizza


   Skills:
 + Level 3.4 Fighting
 + Level 5.2 Axes
 + Level 2.2 Throwing
 + Level 2.0 Armour
 + Level 4.7 Dodging


You had 4 spell levels left.
You didn't know any spells.

Dungeon Overview and Level Annotations

Branches:
Dungeon (3/15)

Altars:
Dithmenos
Nemelex Xobeh
Xom
The Shining One


Innate Abilities, Weirdness & Mutations

You reflexively headbutt those who attack you in melee.
You have a pair of horns on your head.


Message History

The giant gecko is severely wounded.
You block the giant gecko's attack.
The gnoll shouts!
You slash the giant gecko!
You kill the giant gecko!
The gnoll hits you from afar with a halberd!
* * * LOW HITPOINT WARNING * * *
The gnoll hits you but does no damage.
Read which item? (? for menu, Esc to quit)
As you read the scroll labeled YHILAU IBLY, it crumbles to dust.
You feel blessed for a moment.
It was a scroll of remove curse.
The gnoll barely misses you.
Drink which item? (? for menu, Esc to quit)
It was a potion of magic.
Magic courses through your body.
Drink which item? (? for menu, Esc to quit)
It was a potion of invisibility.
You become transparent, but the glow from your halo prevents you from becoming completely invisible.
The gnoll hits you but does no damage.
The gnoll hits you from afar with a halberd!
You die...

.####
#..........# .#
#..)..†....# .#
#..........# .#
#!.........#
'##
#..........#
..#
#........gg####
..#
#.......g.g...#
..#
#.........⌠.⌠.#
..#
#.....$...@_..#
..#
##########⌠.⌠.#
>... ##...#
..### ##### ..#
...


You could see 4 gnolls.

Vanquished Creatures
  Natasha (thrice) (D:2)
  A gnoll (D:3)
  5 adders (D:2)
  A dart slug (D:2)
  A worm (D:2)
  5 giant geckos
  An orc (D:3)
  7 bats
  3 giant cockroaches
  7 goblins
  4 hobgoblins
  2 jackals (D:3)
  2 quokkas (D:2)
  2 ball pythons (D:1)
  6 giant newts
  5 kobolds
  7 rats
62 creatures vanquished.

Notes
Turn   | Place    | Note
--------------------------------------------------------------
     0 | D:1      | sdOOK the Minotaur Gladiator began the quest for the Orb.
     0 | D:1      | Reached XP level 1. HP: 18/18 MP: 0/0
    71 | D:1      | Reached XP level 2. HP: 24/25 MP: 1/1
   147 | D:1      | Found a sparkling altar of Nemelex Xobeh.
   297 | D:1      | Reached skill level 4 in Axes
   480 | D:1      | Reached XP level 3. HP: 29/30 MP: 2/2
   696 | D:2      | Reached skill level 1 in Armour
   696 | D:2      | Reached XP level 4. HP: 28/37 MP: 3/3
   941 | D:2      | Found a glowing golden altar of the Shining One.
   956 | D:2      | Noticed Natasha
   968 | D:2      | Killed Natasha
  1051 | D:2      | Reached skill level 5 in Axes
  1144 | D:2      | Became a worshipper of the Shining One
  1166 | D:2      | Noticed Natasha
  1169 | D:2      | Killed Natasha
  1169 | D:2      | Reached XP level 5. HP: 41/45 MP: 4/4
  1205 | D:2      | Found a shimmering altar of Xom.
  1287 | D:2      | Noticed Natasha
  1290 | D:2      | Killed Natasha
  1306 | D:3      | Found a shadowy altar of Dithmenos.
  1425 | D:3      | Found a sparkling altar of Nemelex Xobeh.
  1451 | D:3      | HP: 2/45 [gnoll/halberd (7)]
  1461 | D:3      | Mangled by a gnoll

Skill      XL: |  1  2  3  4  5 |
---------------+----------------+-----
Axes           | 4 5 |  5.2
Dodging        | 4 |  4.7
Armour         | 1 2 |  2.0
Fighting       | 3 |  3.4
Throwing       | |  2.2

Action                   |  1- 3 |  4- 6 || total
-------------------------+-------+-------++-------
Melee: War axe           |    65 |    63 ||   128
       Headbutt          |     6 |     3 ||     9
  Use: Scroll            |       |     5 ||     5
       Potion            |       |     2 ||     2
  Eat: Chunk             |       |     2 ||     2
Armor: Leather armour    |     6 |       ||     6
       Chain mail        |    32 |    38 ||    70
Dodge: Dodged            |    36 |    29 ||    65
Block: Buckler           |     8 |    12 ||    20
